Sabres vs Capitals

Created - 11 novembre 2020 at 11:31

Goals
1 2 3 T
Sabres 1 0 1 2
Capitals 1 1 1 3
Shots
1 2 3 T
Sabres 13 11 4 28
Capitals 23 7 10 40

1st period

1. Capitals , Tomas Tatar 1 (Oliver Ekman-Larsson 1, Elias Pettersson 1) at 7:35
2. Sabres , Andre Burakovsky 1 (Nicklas Backstrom 1) at 18:56

Penalties :
No Penalty

2nd period

3. Capitals , Jake Guentzel 1 (Brock Nelson 1, Tomas Tatar 1) at 18:38

Penalties :
No Penalty

3rd period

4. Capitals , Tyler Pitlick 1 (Johan Larsson 1, Darren Helm 1) at 8:25
5. Sabres , Anze Kopitar 1 (Rickard Rakell 1, Ivan Provorov 1) at 19:46 (PP)

Penalties :
Ivan Provorov (BUF) for Tripping (Minor) at 0:22, Tomas Tatar (WAS) for Holding (Minor) at 16:21, Ben Chiarot (WAS) for Holding (Minor) at 19:04

Goalie Stats

Elvis Merzlikins (BUF), 37 saves from 40 shots - (0,925), L, 0-1-0, 60:00 minutes
Samuel Montembeault (WAS), 26 saves from 28 shots - (0,929), W, 1-0-0, 60:00 minutes

Players Stats for Sabres

Player Name              G  A  P  +/- PIM S  H  SB GA TA FO     MP     PP MP  PK MP  
------------------------------------------------------------------------------------
Andre Burakovsky         1  0  1  -1  0   2  0  0  0  0  0/0    16:41   1:00   0:23 
Anze Kopitar             1  0  1   0  0   8  2  0  0  4  13/28  26:18   1:20   1:15 
Clayton Keller           0  0  0   0  0   2  0  0  0  0  1/3     7:16   0:08   0:00 
Filip Hronek             0  0  0   0  0   1  1  1  0  0  0/0    22:56   2:03   1:21 
Ivan Provorov            0  1  1   0  2   2  1  1  1  1  0/0    25:22   2:03   0:00 
Joakim Ryan              0  0  0   0  0   0  0  0  0  0  0/0     5:34   0:00   0:16 
Joonas Donskoi           0  0  0  -1  0   0  1  0  0  0  1/1    13:03   0:00   0:00 
Kailer Yamamoto          0  0  0   0  0   1  1  0  0  0  0/0     7:39   0:00   0:00 
Kevin Hayes              0  0  0   0  0   2  3  0  0  0  1/2    20:46   1:20   0:21 
Madison Bowey            0  0  0  -1  0   0  0  1  0  1  0/0    16:43   0:00   1:05 
Marco Scandella          0  0  0  -1  0   0  1  2  0  0  0/0    15:38   0:00   0:00 
Michael Amadio           0  0  0   0  0   0  0  0  0  0  0/1     1:55   0:24   0:00 
Nicklas Backstrom        0  1  1  -1  0   1  0  1  1  0  6/17   17:27   1:01   1:15 
Rasmus Dahlin            0  0  0  -1  0   1  1  2  0  2  0/0    16:53   0:38   0:38 
Rickard Rakell           0  1  1   0  0   4  3  0  1  1  0/0    20:43   1:20   0:21 
Ryan Carpenter           0  0  0   0  0   0  0  0  0  0  0/0     3:27   0:29   0:00 
Ryan Murray              0  0  0  -1  0   0  0  2  0  0  0/0    16:53   0:38   0:38 
Tyler Ennis              0  0  0  -1  0   2  1  0  0  0  1/3    13:24   0:00   0:23 
Viktor Arvidsson         0  0  0  -1  0   2  0  0  0  0  0/1    13:03   0:00   0:00 
Zach Hyman               0  0  0  -1  0   0  2  1  0  0  0/2    16:19   1:01   0:00 

Players Stats for Capitals

Player Name              G  A  P  +/- PIM S  H  SB GA TA FO     MP     PP MP  PK MP  
------------------------------------------------------------------------------------
Ben Chiarot              0  0  0   0  2   0  1  0  0  0  0/0    14:16   0:00   0:00 
Brady Skjei              0  0  0   1  0   0  1  2  0  0  0/0    19:15   0:34   1:14 
Brock Nelson             0  1  1   0  0   6  1  0  1  0  9/14   18:00   0:47   0:12 
Chris Conner             0  0  0   0  0   0  0  0  0  0  0/0     1:39   0:00   0:47 
Claude Giroux            0  0  0   1  0   3  2  1  0  0  22/34  20:19   1:12   1:42 
Curtis McKenzie          0  0  0   0  0   0  0  0  0  0  0/0     0:52   0:00   0:00 
Damon Severson           0  0  0   1  0   3  2  1  1  1  0/0    25:36   1:25   1:27 
Darren Helm              0  1  1   0  0   3  1  0  1  0  0/0    11:32   0:00   0:00 
Derek Grant              0  0  0   0  0   0  1  0  1  0  2/5    12:03   0:00   0:40 
Elias Pettersson         0  1  1   1  0   6  1  0  1  0  0/0    20:21   1:12   1:42 
Ian Cole                 0  0  0   1  0   3  1  1  0  0  0/0    19:15   0:34   1:14 
Jake Guentzel            1  0  1   0  0   5  1  1  1  0  0/0    18:00   0:47   0:12 
Joakim Nordstrom         0  0  0   0  0   2  1  0  0  1  0/0    11:23   0:00   0:00 
Joel Eriksson Ek         0  0  0   0  0   0  0  3  1  1  0/0    17:55   0:47   0:07 
Johan Larsson            0  1  1   1  0   0  1  0  0  0  0/0     9:31   0:00   0:00 
Oliver Ekman-Larsson     0  1  1   1  0   6  2  2  0  0  0/0    25:36   1:25   1:27 
Riley Sheahan            0  0  0   1  0   0  0  0  1  0  1/4     9:31   0:00   0:00 
Tomas Tatar              1  1  2   1  2   1  1  0  1  0  1/1    18:36   1:12   0:00 
Tyler Pitlick            1  0  1   1  0   2  1  0  0  0  0/0     9:31   0:00   0:00 
Zach Bogosian            0  0  0   0  0   0  3  0  0  0  0/0    14:06   0:00   0:00 

3 Stars

1 - Tomas Tatar (WAS)
2 - Tyler Pitlick (WAS)
3 - Jake Guentzel (WAS)

Power Play

Sabres - 1 on 2 Attempt(s) - 50,00%
Capitals - 0 on 1 Attempt(s) - 0,00%

Penalty Kill

Sabres - 1 on 1 Attempt(s) - 100,00% - Score 0 goal in Penalty Kill
Capitals - 1 on 2 Attempt(s) - 50,00% - Score 0 goal in Penalty Kill

Team Stat

Sabres - Hits : 17 - Faceoff Wins : 23 - Blocked Shots : 11 - Penalty Minutes : 2
Capitals - Hits : 21 - Faceoff Wins : 35 - Blocked Shots : 11 - Penalty Minutes : 4

Official

Referees : Eric Furlatt and Jean Hebert
Linesman : Derek Nansen and Steve Barton

Game Notes

0:38 of 3rd period - Capitals goal is going for a video replay. After video review, No Goal. The puck has been directed, batted or thrown into the net by an attacking player other than with a stick.

Finance

Level 1 -- Attendance: 4304 (71,73%) -- Ticket Income 430 400 $
Level 2 -- Attendance: 3657 (73,14%) -- Ticket Income 255 990 $
Level 3 -- Attendance: 1600 (80,00%) -- Ticket Income 67 200 $
Level 4 -- Attendance: 2754 (68,85%) -- Ticket Income 68 850 $
Luxury Box -- Attendance: 701 (70,10%) -- Ticket Income 136 695 $
Game was played at the Washington Arena.
Total Attendance: 13016 (72,31%)
Total Ticket Income: 959 135 $
Other Income: 469 976 $
Total Income: 1 429 111 $

Sabres

5 vs 5 Forward 
   Center                   Left Wing                Right Wing               Time % Phy DF OF 
 1 Anze Kopitar             Kevin Hayes              Rickard Rakell           40     1   2  2  
 2 Nicklas Backstrom        Andre Burakovsky         Zach Hyman               30     1   2  2  
 3 Tyler Ennis              Joonas Donskoi           Viktor Arvidsson         20     1   2  2  
 4 Clayton Keller           Anze Kopitar             Kailer Yamamoto          10     1   2  2  

5 vs 5 Defense 
   Defense                  Defense                                           Time % Phy DF OF 
 1 Ivan Provorov            Filip Hronek                                      40     1   2  2  
 2 Ryan Murray              Rasmus Dahlin                                     30     1   2  2  
 3 Marco Scandella          Madison Bowey                                     20     1   2  2  
 4 Joakim Ryan              Ivan Provorov                                     10     1   2  2  

PowerPlay Forward 
   Center                   Left Wing                Right Wing               Time % Phy DF OF 
 1 Anze Kopitar             Kevin Hayes              Rickard Rakell           60     1   2  2  
 2 Nicklas Backstrom        Andre Burakovsky         Zach Hyman               40     1   2  2  

PowerPlay Defense
   Defense                  Defense                                           Time % Phy DF OF 
 1 Ivan Provorov            Filip Hronek                                      60     1   2  2  
 2 Ryan Murray              Rasmus Dahlin                                     40     1   2  2  

Penalty Kill 4 Players Forward 
   Center                   Wing                     Time % Phy DF OF 
 1 Anze Kopitar             Nicklas Backstrom        60     1   2  2  
 2 Kevin Hayes              Rickard Rakell           40     1   2  2  

Penalty Kill 4 Players Defense
   Defense                  Defense                  Time % Phy DF OF 
 1 Ivan Provorov            Filip Hronek             60     1   2  2  
 2 Ryan Murray              Rasmus Dahlin            40     1   2  2  

Penalty Kill - 3 Players Forward 
   Forward                                           Time % Phy DF OF 
 1 Anze Kopitar                                      60     1   2  2  
 2 Nicklas Backstrom                                 40     1   2  2  

Penalty Kill - 3 Players Defense
   Defense                  Defense                  Time % Phy DF OF 
 1 Ivan Provorov            Filip Hronek             60     1   2  2  
 2 Ryan Murray              Rasmus Dahlin            40     1   2  2  

4 vs 4 Forward 
   Center                   Wing                     Time % Phy DF OF 
 1 Anze Kopitar             Nicklas Backstrom        60     1   2  2  
 2 Kevin Hayes              Rickard Rakell           40     1   2  2  

4 vs 4 Defense
   Defense                  Defense                  Time % Phy DF OF 
 1 Ivan Provorov            Filip Hronek             60     1   2  2  
 2 Ryan Murray              Rasmus Dahlin            40     1   2  2  

Last Minutes Offensive
   Center                   Left Wing                Right Wing               Defense                  Defense                  
   Anze Kopitar             Kevin Hayes              Rickard Rakell           Ivan Provorov            Filip Hronek             

Last Minutes Defensive
   Center                   Left Wing                Right Wing               Defense                  Defense                  
   Anze Kopitar             Kevin Hayes              Rickard Rakell           Ivan Provorov            Filip Hronek             

Goaltenders
Starting : Elvis Merzlikins         
Backup : James Reimer             

Extra Forwards
Normal : Ryan Carpenter, Michael Amadio, Tyler Ennis - PP : Ryan Carpenter, Michael Amadio - PK : Tyler Ennis
Extra Defensemen
Normal : Marco Scandella, Madison Bowey, Joakim Ryan - PP : Marco Scandella - PK : Madison Bowey, Joakim Ryan
Penalty Shots
Anze Kopitar, Nicklas Backstrom, Kevin Hayes, Rickard Rakell, Andre Burakovsky
Custom OT Lines Forwards
Anze Kopitar, Nicklas Backstrom, Kevin Hayes, Rickard Rakell, Andre Burakovsky, Zach Hyman, Tyler Ennis, Joonas Donskoi, Clayton Keller, Viktor Arvidsson
Custom OT Lines Defensemen
Ivan Provorov, Filip Hronek, Ryan Murray, Rasmus Dahlin, Marco Scandella

Scratches
Martin Jones (Healthy)

Capitals

5 vs 5 Forward 
   Center                   Left Wing                Right Wing               Time % Phy DF OF 
 1 Claude Giroux            Elias Pettersson         Tomas Tatar              40     1   2  2  
 2 Brock Nelson             Jake Guentzel            Joel Eriksson Ek         30     1   2  2  
 3 Derek Grant              Darren Helm              Joakim Nordstrom         20     1   2  2  
 4 Riley Sheahan            Johan Larsson            Tyler Pitlick            10     1   2  2  

5 vs 5 Defense 
   Defense                  Defense                                           Time % Phy DF OF 
 1 Damon Severson           Oliver Ekman-Larsson                              40     1   2  2  
 2 Ian Cole                 Brady Skjei                                       30     1   2  2  
 3 Ben Chiarot              Zach Bogosian                                     20     1   2  2  
 4 Damon Severson           Oliver Ekman-Larsson                              10     1   2  2  

PowerPlay Forward 
   Center                   Left Wing                Right Wing               Time % Phy DF OF 
 1 Claude Giroux            Elias Pettersson         Tomas Tatar              60     1   2  2  
 2 Brock Nelson             Jake Guentzel            Joel Eriksson Ek         40     1   2  2  

PowerPlay Defense
   Defense                  Defense                                           Time % Phy DF OF 
 1 Damon Severson           Oliver Ekman-Larsson                              60     1   2  2  
 2 Ian Cole                 Brady Skjei                                       40     1   2  2  

Penalty Kill 4 Players Forward 
   Center                   Wing                     Time % Phy DF OF 
 1 Claude Giroux            Elias Pettersson         60     1   2  2  
 2 Brock Nelson             Jake Guentzel            40     1   2  2  

Penalty Kill 4 Players Defense
   Defense                  Defense                  Time % Phy DF OF 
 1 Damon Severson           Oliver Ekman-Larsson     60     1   2  2  
 2 Ian Cole                 Brady Skjei              40     1   2  2  

Penalty Kill - 3 Players Forward 
   Forward                                           Time % Phy DF OF 
 1 Claude Giroux                                     60     1   2  2  
 2 Elias Pettersson                                  40     1   2  2  

Penalty Kill - 3 Players Defense
   Defense                  Defense                  Time % Phy DF OF 
 1 Damon Severson           Oliver Ekman-Larsson     60     1   2  2  
 2 Ian Cole                 Brady Skjei              40     1   2  2  

4 vs 4 Forward 
   Center                   Wing                     Time % Phy DF OF 
 1 Claude Giroux            Elias Pettersson         60     1   2  2  
 2 Brock Nelson             Jake Guentzel            40     1   2  2  

4 vs 4 Defense
   Defense                  Defense                  Time % Phy DF OF 
 1 Damon Severson           Oliver Ekman-Larsson     60     1   2  2  
 2 Ian Cole                 Brady Skjei              40     1   2  2  

Last Minutes Offensive
   Center                   Left Wing                Right Wing               Defense                  Defense                  
   Claude Giroux            Elias Pettersson         Tomas Tatar              Damon Severson           Oliver Ekman-Larsson     

Last Minutes Defensive
   Center                   Left Wing                Right Wing               Defense                  Defense                  
   Claude Giroux            Elias Pettersson         Tomas Tatar              Damon Severson           Oliver Ekman-Larsson     

Goaltenders
Starting : Samuel Montembeault      
Backup : Matiss Kivlenieks        

Extra Forwards
Normal : Curtis McKenzie, Chris Conner, Derek Grant - PP : Curtis McKenzie, Chris Conner - PK : Derek Grant
Extra Defensemen
Normal : Ben Chiarot, Zach Bogosian, Ian Cole - PP : Ben Chiarot - PK : Zach Bogosian, Ian Cole
Penalty Shots
Claude Giroux, Elias Pettersson, Brock Nelson, Jake Guentzel, Tomas Tatar
Custom OT Lines Forwards
Claude Giroux, Elias Pettersson, Brock Nelson, Jake Guentzel, Tomas Tatar, Joel Eriksson Ek, Derek Grant, Riley Sheahan, Darren Helm, Johan Larsson
Custom OT Lines Defensemen
Damon Severson, Oliver Ekman-Larsson, Ian Cole, Brady Skjei, Ben Chiarot

Scratches
Henrik Lundqvist (Suspend), Adam Wilcox (Healthy)

% Time on Ice - Sabres

Lines # - Real PCT - Wanted PCT - Time Play
Normal Forward
1 - 34% - 40% - 18:49
2 - 30% - 30% - 16:24
3 - 25% - 20% - 13:37
4 - 11% - 10% - 6:17
Normal Defense
1 - 34% - 40% - 18:47
2 - 28% - 30% - 15:37
3 - 28% - 20% - 15:38
4 - 9% - 10% - 5:05
PP Forward
1 - 62% - 60% - 1:40
2 - 38% - 40% - 1:01
PP Defense
1 - 76% - 60% - 2:03
2 - 24% - 40% - 0:38
PK Forward
1 - 82% - 60% - 1:38
2 - 18% - 40% - 0:21
PK Defense
1 - 68% - 60% - 1:21
2 - 32% - 40% - 0:38
PK3 Forward
1 - 0% - 60%
2 - 0% - 40%
PK3 Defense
1 - 0% - 60%
2 - 0% - 40%
44 Forward
1 - 0% - 60%
2 - 0% - 40%
44 Defense
1 - 0% - 60%
2 - 0% - 40%
Last Minute Offensive  - 0:13
Last Minute Defensive  - 0:00
Total
Forward - 60:00
Defense - 60:00

% Time on Ice - Capitals

Lines # - Real PCT - Wanted PCT - Time Play
Normal Forward
1 - 31% - 40% - 17:12
2 - 31% - 30% - 17:01
3 - 21% - 20% - 11:23
4 - 17% - 10% - 9:31
Normal Defense
1 - 36% - 40% - 20:07
2 - 32% - 30% - 17:27
3 - 26% - 20% - 14:30
4 - 6% - 10% - 3:03
PP Forward
1 - 61% - 60% - 1:12
2 - 39% - 40% - 0:47
PP Defense
1 - 71% - 60% - 1:25
2 - 29% - 40% - 0:34
PK Forward
1 - 93% - 60% - 2:29
2 - 7% - 40% - 0:12
PK Defense
1 - 54% - 60% - 1:27
2 - 46% - 40% - 1:14
PK3 Forward
1 - 0% - 60%
2 - 0% - 40%
PK3 Defense
1 - 0% - 60%
2 - 0% - 40%
44 Forward
1 - 0% - 60%
2 - 0% - 40%
44 Defense
1 - 0% - 60%
2 - 0% - 40%
Last Minute Offensive  - 0:00
Last Minute Defensive  - 0:13
Total
Forward - 60:00
Defense - 60:00

Play-by-Play

1st period


0:01 of 1st period - Claude Giroux wins face-off versus Anze Kopitar in neutral zone.
0:55 of 1st period - Snap shot by Darren Helm.
0:55 of 1st period - Stopped by Elvis Merzlikins with a rebound.
0:57 of 1st period - Snap shot by Derek Grant.
0:57 of 1st period - Shot Misses the Net.
0:59 of 1st period - Snap shot by Derek Grant.
0:59 of 1st period - Shot Blocked by Rasmus Dahlin.
1:11 of 1st period - Brady Skjei is hit by Rasmus Dahlin.
1:33 of 1st period - Snap shot by Andre Burakovsky.
1:33 of 1st period - Shot Blocked by Brady Skjei.
1:35 of 1st period - Wrist shot by Zach Hyman.
1:35 of 1st period - Deflect By Andre Burakovsky.
1:35 of 1st period - Shot Misses the Net.
1:35 of 1st period - Puck is out of play.
1:36 of 1st period - Brock Nelson wins face-off versus Nicklas Backstrom in Capitals zone.
1:45 of 1st period - Wrist shot by Brock Nelson.
1:45 of 1st period - Stopped by Elvis Merzlikins with a rebound.
1:47 of 1st period - Slapshot by Ben Chiarot.
1:47 of 1st period - Deflect By Jake Guentzel.
1:47 of 1st period - Stopped by Elvis Merzlikins with a rebound.
1:49 of 1st period - Wrist shot by Zach Bogosian.
1:49 of 1st period - Shot Blocked by Nicklas Backstrom.
1:51 of 1st period - Wrist shot by Jake Guentzel.
1:51 of 1st period - Shot Blocked by Marco Scandella.
1:53 of 1st period - Slapshot by Jake Guentzel.
1:53 of 1st period - Stopped by Elvis Merzlikins with a rebound.
2:03 of 1st period - Anze Kopitar is hit by Zach Bogosian and loses puck.
2:57 of 1st period - Snap shot by Nicklas Backstrom.
2:57 of 1st period - Stopped by Samuel Montembeault with a rebound.
2:59 of 1st period - Snap shot by Filip Hronek.
2:59 of 1st period - Shot Misses the Net.
3:06 of 1st period - Icing by Riley Sheahan.
3:07 of 1st period - Clayton Keller wins face-off versus Brock Nelson in Capitals zone.
3:10 of 1st period - Wrist shot by Clayton Keller.
3:10 of 1st period - Stopped by Samuel Montembeault without a rebound.
3:11 of 1st period - Brock Nelson wins face-off versus Clayton Keller in Capitals zone.
3:28 of 1st period - Snap shot by Clayton Keller.
3:28 of 1st period - Stopped by Samuel Montembeault with a rebound.
3:50 of 1st period - Wrist shot by Brock Nelson.
3:50 of 1st period - Stopped by Elvis Merzlikins with a rebound.
3:52 of 1st period - Snap shot by Oliver Ekman-Larsson.
3:52 of 1st period - Deflect By Jake Guentzel.
3:52 of 1st period - Shot Blocked by Madison Bowey.
3:52 of 1st period - Puck is out of play.
3:53 of 1st period - Claude Giroux wins face-off versus Nicklas Backstrom in Sabres zone.
4:30 of 1st period - Slapshot by Viktor Arvidsson.
4:30 of 1st period - Shot Misses the Net.
5:34 of 1st period - Snap shot by Derek Grant.
5:34 of 1st period - Shot Blocked by Ryan Murray.
5:48 of 1st period - Snap shot by Darren Helm.
5:48 of 1st period - Shot Blocked by Ryan Murray.
5:58 of 1st period - Snap shot by Derek Grant.
5:58 of 1st period - Shot Misses the Net.
6:17 of 1st period - Icing by Derek Grant.
6:18 of 1st period - Derek Grant wins face-off versus Nicklas Backstrom in Capitals zone.
6:41 of 1st period - Snap shot by Derek Grant.
6:41 of 1st period - Deflect By Darren Helm.
6:41 of 1st period - Stopped by Elvis Merzlikins with a rebound.
6:43 of 1st period - Snap shot by Derek Grant.
6:43 of 1st period - Shot Blocked by Filip Hronek.
6:45 of 1st period - Snap shot by Darren Helm.
6:45 of 1st period - Shot Misses the Net.
6:51 of 1st period - Slapshot by Darren Helm.
6:51 of 1st period - Shot Misses the Net.
6:53 of 1st period - Wrist shot by Ben Chiarot.
6:53 of 1st period - Deflect By Derek Grant.
6:53 of 1st period - Shot Misses the Net.
6:53 of 1st period - Puck is out of play.
6:54 of 1st period - Claude Giroux wins face-off versus Zach Hyman in Sabres zone.
6:55 of 1st period - Snap shot by Elias Pettersson.
6:55 of 1st period - Shot Misses the Net.
6:59 of 1st period - Snap shot by Elias Pettersson.
6:59 of 1st period - Stopped by Elvis Merzlikins without a rebound.
7:00 of 1st period - Nicklas Backstrom wins face-off versus Claude Giroux in Sabres zone.
7:00 of 1st period - Nicklas Backstrom is hit by Claude Giroux.
7:33 of 1st period - Slapshot by Oliver Ekman-Larsson.
7:33 of 1st period - Shot Misses the Net.
7:35 of 1st period - Backhand shot by Tomas Tatar.
7:35 of 1st period - Goal by Tomas Tatar - Sabres : 0 - Capitals : 1.
7:36 of 1st period - Brock Nelson wins face-off versus Kevin Hayes in neutral zone.
7:39 of 1st period - Anze Kopitar is hit by Jake Guentzel and loses puck.
7:48 of 1st period - Snap shot by Jake Guentzel.
7:48 of 1st period - Shot Misses the Net.
7:50 of 1st period - Snap shot by Brock Nelson.
7:50 of 1st period - Stopped by Elvis Merzlikins without a rebound.
7:51 of 1st period - Anze Kopitar wins face-off versus Claude Giroux in Sabres zone.
8:04 of 1st period - Snap shot by Rickard Rakell.
8:04 of 1st period - Deflect By Anze Kopitar.
8:04 of 1st period - Deflect By Elias Pettersson.
8:04 of 1st period - Shot Blocked by Claude Giroux.
8:04 of 1st period - Puck is out of play.
8:05 of 1st period - Claude Giroux wins face-off versus Anze Kopitar in Capitals zone.
8:35 of 1st period - Slapshot by Brock Nelson.
8:35 of 1st period - Shot Blocked by Ivan Provorov.
9:15 of 1st period - Derek Grant is hit by Kevin Hayes and loses puck.
9:32 of 1st period - Snap shot by Kailer Yamamoto.
9:32 of 1st period - Stopped by Samuel Montembeault with a rebound.
9:34 of 1st period - Slapshot by Marco Scandella.
9:34 of 1st period - Shot Misses the Net.
10:41 of 1st period - Ryan Murray is hit by Ian Cole and loses puck.
11:20 of 1st period - Snap shot by Anze Kopitar.
11:20 of 1st period - Stopped by Samuel Montembeault with a rebound.
12:06 of 1st period - Nicklas Backstrom is hit by Tyler Pitlick.
12:28 of 1st period - Ryan Murray is hit by Zach Bogosian and loses puck.
13:09 of 1st period - Wrist shot by Tyler Pitlick.
13:09 of 1st period - Shot Misses the Net.
13:11 of 1st period - Slapshot by Oliver Ekman-Larsson.
13:11 of 1st period - Deflect By Nicklas Backstrom.
13:11 of 1st period - Stopped by Elvis Merzlikins without a rebound.
13:12 of 1st period - Anze Kopitar wins face-off versus Claude Giroux in Sabres zone.
13:21 of 1st period - Kevin Hayes is hit by Oliver Ekman-Larsson and loses puck.
14:06 of 1st period - Snap shot by Darren Helm.
14:06 of 1st period - Shot Misses the Net.
14:08 of 1st period - Wrist shot by Joakim Nordstrom.
14:08 of 1st period - Shot Misses the Net.
14:10 of 1st period - Slapshot by Joakim Nordstrom.
14:10 of 1st period - Stopped by Elvis Merzlikins with a rebound.
14:12 of 1st period - Snap shot by Joakim Nordstrom.
14:12 of 1st period - Stopped by Elvis Merzlikins without a rebound.
14:13 of 1st period - Claude Giroux wins face-off versus Anze Kopitar in Sabres zone.
14:42 of 1st period - Zach Bogosian is hit by Tyler Ennis and loses puck.
15:21 of 1st period - Backhand shot by Tyler Pitlick.
15:21 of 1st period - Stopped by Elvis Merzlikins without a rebound.
15:22 of 1st period - Riley Sheahan wins face-off versus Viktor Arvidsson in Sabres zone.
15:25 of 1st period - Slapshot by Oliver Ekman-Larsson.
15:25 of 1st period - Stopped by Elvis Merzlikins with a rebound.
15:27 of 1st period - Snap shot by Damon Severson.
15:27 of 1st period - Stopped by Elvis Merzlikins without a rebound.
15:28 of 1st period - Claude Giroux wins face-off versus Tyler Ennis in Sabres zone.
15:29 of 1st period - Snap shot by Elias Pettersson.
15:29 of 1st period - Stopped by Elvis Merzlikins with a rebound.
15:31 of 1st period - Slapshot by Elias Pettersson.
15:31 of 1st period - Stopped by Elvis Merzlikins with a rebound.
15:33 of 1st period - Slapshot by Oliver Ekman-Larsson.
15:33 of 1st period - Stopped by Elvis Merzlikins without a rebound.
15:34 of 1st period - Anze Kopitar wins face-off versus Claude Giroux in Sabres zone.
16:45 of 1st period - Wrist shot by Rickard Rakell.
16:45 of 1st period - Deflect By Anze Kopitar.
16:45 of 1st period - Shot Misses the Net.
16:45 of 1st period - Puck is out of play.
16:46 of 1st period - Anze Kopitar wins face-off versus Derek Grant in Capitals zone.
16:50 of 1st period - Icing by Derek Grant.
16:51 of 1st period - Anze Kopitar wins face-off versus Derek Grant in Capitals zone.
16:58 of 1st period - Snap shot by Rickard Rakell.
16:58 of 1st period - Stopped by Samuel Montembeault without a rebound.
16:59 of 1st period - Kevin Hayes wins face-off versus Claude Giroux in Capitals zone.
17:00 of 1st period - Snap shot by Rickard Rakell.
17:00 of 1st period - Stopped by Samuel Montembeault with a rebound.
17:02 of 1st period - Snap shot by Anze Kopitar.
17:02 of 1st period - Stopped by Samuel Montembeault with a rebound.
17:16 of 1st period - Oliver Ekman-Larsson is hit by Ivan Provorov and loses puck.
17:25 of 1st period - Claude Giroux is hit by Rickard Rakell and loses puck.
17:30 of 1st period - Snap shot by Anze Kopitar.
17:30 of 1st period - Stopped by Samuel Montembeault with a rebound.
17:42 of 1st period - Snap shot by Claude Giroux.
17:42 of 1st period - Stopped by Elvis Merzlikins without a rebound.
17:43 of 1st period - Brock Nelson wins face-off versus Nicklas Backstrom in Sabres zone.
17:46 of 1st period - Snap shot by Brock Nelson.
17:46 of 1st period - Shot Blocked by Zach Hyman.
17:56 of 1st period - Snap shot by Brock Nelson.
17:56 of 1st period - Stopped by Elvis Merzlikins with a rebound.
17:58 of 1st period - Slapshot by Brady Skjei.
17:58 of 1st period - Deflect By Brock Nelson.
17:58 of 1st period - Stopped by Elvis Merzlikins with a rebound.
18:00 of 1st period - Slapshot by Ian Cole.
18:00 of 1st period - Stopped by Elvis Merzlikins without a rebound.
18:01 of 1st period - Joonas Donskoi wins face-off versus Riley Sheahan in Sabres zone.
18:26 of 1st period - Rickard Rakell is hit by Tomas Tatar and loses puck.
18:34 of 1st period - Off-side.
18:35 of 1st period - Claude Giroux wins face-off versus Anze Kopitar in neutral zone.
18:42 of 1st period - Slapshot by Claude Giroux.
18:42 of 1st period - Shot Blocked by Rasmus Dahlin.
18:50 of 1st period - Snap shot by Anze Kopitar.
18:50 of 1st period - Stopped by Samuel Montembeault without a rebound.
18:51 of 1st period - Nicklas Backstrom wins face-off versus Brock Nelson in Capitals zone.
18:54 of 1st period - Snap shot by Andre Burakovsky.
18:54 of 1st period - Shot Blocked by Damon Severson.
18:56 of 1st period - Snap shot by Andre Burakovsky.
18:56 of 1st period - Goal by Andre Burakovsky - Sabres : 1 - Capitals : 1.
18:57 of 1st period - Claude Giroux wins face-off versus Anze Kopitar in neutral zone.
19:06 of 1st period - Wrist shot by Claude Giroux.
19:06 of 1st period - Deflect By Elias Pettersson.
19:06 of 1st period - Stopped by Elvis Merzlikins without a rebound.
19:07 of 1st period - Claude Giroux wins face-off versus Anze Kopitar in Sabres zone.
19:23 of 1st period - Wrist shot by Kevin Hayes.
19:23 of 1st period - Stopped by Samuel Montembeault with a rebound.
19:25 of 1st period - Wrist shot by Anze Kopitar.
19:25 of 1st period - Stopped by Samuel Montembeault with a rebound.
19:27 of 1st period - Slapshot by Kevin Hayes.
19:27 of 1st period - Deflect By Rickard Rakell.
19:27 of 1st period - Shot Hit the Post.
19:27 of 1st period - Puck is out of play.
19:28 of 1st period - Nicklas Backstrom wins face-off versus Brock Nelson in Capitals zone.
Goals for this period are 1 for Sabres vs 1 for Capitals.
Shots for this period are 13 for Sabres vs 23 for Capitals.

2nd period


0:01 of 2nd period - Claude Giroux wins face-off versus Anze Kopitar in neutral zone.
0:24 of 2nd period - Damon Severson is hit by Anze Kopitar and loses puck.
0:47 of 2nd period - Snap shot by Claude Giroux.
0:47 of 2nd period - Shot Misses the Net.
0:49 of 2nd period - Slapshot by Damon Severson.
0:49 of 2nd period - Shot Misses the Net.
0:53 of 2nd period - Backhand shot by Claude Giroux.
0:53 of 2nd period - Shot Misses the Net.
0:55 of 2nd period - Slapshot by Oliver Ekman-Larsson.
0:55 of 2nd period - Stopped by Elvis Merzlikins without a rebound.
0:56 of 2nd period - Brock Nelson wins face-off versus Nicklas Backstrom in Sabres zone.
1:09 of 2nd period - Wrist shot by Andre Burakovsky.
1:09 of 2nd period - Stopped by Samuel Montembeault with a rebound.
1:11 of 2nd period - Wrist shot by Andre Burakovsky.
1:11 of 2nd period - Deflect By Nicklas Backstrom.
1:11 of 2nd period - Shot Misses the Net.
1:11 of 2nd period - Puck is out of play.
1:12 of 2nd period - Tyler Ennis wins face-off versus Derek Grant in Capitals zone.
1:13 of 2nd period - Snap shot by Joonas Donskoi.
1:13 of 2nd period - Shot Misses the Net.
1:15 of 2nd period - Slapshot by Joonas Donskoi.
1:15 of 2nd period - Shot Hit the Post.
1:17 of 2nd period - Slapshot by Marco Scandella.
1:17 of 2nd period - Deflect By Joonas Donskoi.
1:17 of 2nd period - Shot Misses the Net.
1:17 of 2nd period - Puck is out of play.
1:18 of 2nd period - Derek Grant wins face-off versus Tyler Ennis in Capitals zone.
2:07 of 2nd period - Snap shot by Viktor Arvidsson.
2:07 of 2nd period - Stopped by Samuel Montembeault with a rebound.
2:11 of 2nd period - Snap shot by Tyler Ennis.
2:11 of 2nd period - Deflect By Brady Skjei.
2:11 of 2nd period - Stopped by Samuel Montembeault with a rebound.
2:23 of 2nd period - Wrist shot by Viktor Arvidsson.
2:23 of 2nd period - Stopped by Samuel Montembeault without a rebound.
2:24 of 2nd period - Brock Nelson wins face-off versus Anze Kopitar in Capitals zone.
2:31 of 2nd period - Wrist shot by Oliver Ekman-Larsson.
2:31 of 2nd period - Stopped by Elvis Merzlikins with a rebound.
2:41 of 2nd period - Damon Severson is hit by Anze Kopitar and loses puck.
2:54 of 2nd period - Damon Severson is hit by Filip Hronek.
4:18 of 2nd period - Slapshot by Rickard Rakell.
4:18 of 2nd period - Shot Misses the Net.
5:35 of 2nd period - Ian Cole is hit by Kailer Yamamoto and loses puck.
5:41 of 2nd period - Icing by Riley Sheahan.
5:42 of 2nd period - Nicklas Backstrom wins face-off versus Riley Sheahan in Capitals zone.
5:45 of 2nd period - Wrist shot by Nicklas Backstrom.
5:45 of 2nd period - Shot Misses the Net.
6:07 of 2nd period - Oliver Ekman-Larsson is hit by Rickard Rakell and loses puck.
6:36 of 2nd period - Wrist shot by Anze Kopitar.
6:36 of 2nd period - Stopped by Samuel Montembeault with a rebound.
7:23 of 2nd period - Wrist shot by Anze Kopitar.
7:23 of 2nd period - Shot Misses the Net.
7:55 of 2nd period - Wrist shot by Brock Nelson.
7:55 of 2nd period - Shot Blocked by Marco Scandella.
8:43 of 2nd period - Slapshot by Rickard Rakell.
8:43 of 2nd period - Shot Blocked by Brady Skjei.
8:47 of 2nd period - Snap shot by Rickard Rakell.
8:47 of 2nd period - Shot Blocked by Jake Guentzel.
8:55 of 2nd period - Anze Kopitar is hit by Brock Nelson and loses puck.
9:06 of 2nd period - Wrist shot by Anze Kopitar.
9:06 of 2nd period - Shot Blocked by Joel Eriksson Ek.
9:08 of 2nd period - Wrist shot by Rickard Rakell.
9:08 of 2nd period - Shot Blocked by Joel Eriksson Ek.
9:34 of 2nd period - Snap shot by Brock Nelson.
9:34 of 2nd period - Stopped by Elvis Merzlikins with a rebound.
9:36 of 2nd period - Slapshot by Ian Cole.
9:36 of 2nd period - Stopped by Elvis Merzlikins with a rebound.
9:38 of 2nd period - Slapshot by Ian Cole.
9:38 of 2nd period - Stopped by Elvis Merzlikins without a rebound.
9:39 of 2nd period - Tomas Tatar wins face-off versus Nicklas Backstrom in Sabres zone.
9:40 of 2nd period - Snap shot by Elias Pettersson.
9:40 of 2nd period - Shot Misses the Net.
10:55 of 2nd period - Joonas Donskoi is hit by Darren Helm and loses puck.
12:22 of 2nd period - Tomas Tatar is hit by Zach Hyman and loses puck.
12:33 of 2nd period - Kailer Yamamoto is hit by Joakim Nordstrom and loses puck.
14:10 of 2nd period - Clayton Keller is hit by Damon Severson and loses puck.
14:42 of 2nd period - Icing by Nicklas Backstrom.
14:43 of 2nd period - Claude Giroux wins face-off versus Michael Amadio in Sabres zone.
15:04 of 2nd period - Andre Burakovsky is hit by Johan Larsson and loses puck.
15:08 of 2nd period - Icing by Rasmus Dahlin.
15:09 of 2nd period - Nicklas Backstrom wins face-off versus Riley Sheahan in Sabres zone.
15:36 of 2nd period - Rasmus Dahlin is hit by Elias Pettersson.
16:06 of 2nd period - Filip Hronek is hit by Oliver Ekman-Larsson and loses puck.
16:25 of 2nd period - Wrist shot by Elias Pettersson.
16:25 of 2nd period - Shot Misses the Net.
18:02 of 2nd period - Off-side.
18:03 of 2nd period - Claude Giroux wins face-off versus Nicklas Backstrom in neutral zone.
18:38 of 2nd period - Wrist shot by Jake Guentzel.
18:38 of 2nd period - Goal by Jake Guentzel - Sabres : 1 - Capitals : 2.
18:39 of 2nd period - Claude Giroux wins face-off versus Anze Kopitar in neutral zone.
18:46 of 2nd period - Slapshot by Claude Giroux.
18:46 of 2nd period - Stopped by Elvis Merzlikins with a rebound.
18:53 of 2nd period - Off-side.
18:54 of 2nd period - Anze Kopitar wins face-off versus Brock Nelson in neutral zone.
18:59 of 2nd period - Wrist shot by Anze Kopitar.
18:59 of 2nd period - Shot Blocked by Oliver Ekman-Larsson.
19:01 of 2nd period - Wrist shot by Rickard Rakell.
19:01 of 2nd period - Stopped by Samuel Montembeault with a rebound.
19:03 of 2nd period - Slapshot by Filip Hronek.
19:03 of 2nd period - Stopped by Samuel Montembeault without a rebound.
19:04 of 2nd period - Brock Nelson wins face-off versus Anze Kopitar in Capitals zone.
19:24 of 2nd period - Wrist shot by Rickard Rakell.
19:24 of 2nd period - Stopped by Samuel Montembeault with a rebound.
19:26 of 2nd period - Snap shot by Kevin Hayes.
19:26 of 2nd period - Stopped by Samuel Montembeault with a rebound.
19:28 of 2nd period - Snap shot by Rickard Rakell.
19:28 of 2nd period - Shot Misses the Net.
19:30 of 2nd period - Slapshot by Ivan Provorov.
19:30 of 2nd period - Stopped by Samuel Montembeault with a rebound.
19:32 of 2nd period - Slapshot by Anze Kopitar.
19:32 of 2nd period - Shot Misses the Net.
19:34 of 2nd period - Snap shot by Anze Kopitar.
19:34 of 2nd period - Stopped by Samuel Montembeault with a rebound.
Goals for this period are 0 for Sabres vs 1 for Capitals.
Shots for this period are 11 for Sabres vs 7 for Capitals.

3rd period


0:01 of 3rd period - Claude Giroux wins face-off versus Anze Kopitar in neutral zone.
0:22 of 3rd period - Minor Penalty to Ivan Provorov for Tripping.
0:23 of 3rd period - Claude Giroux wins face-off versus Anze Kopitar in Sabres zone.
0:36 of 3rd period - Slapshot by Tomas Tatar.
0:36 of 3rd period - Shot Misses the Net.
0:38 of 3rd period - Snap shot by Damon Severson.
0:38 of 3rd period - Capitals goal is going for a video replay.
0:38 of 3rd period - The goal is refused. The puck has been directed, batted or thrown into the net by an attacking player other than with a stick..
0:39 of 3rd period - Claude Giroux wins face-off versus Anze Kopitar in Sabres zone.
0:40 of 3rd period - Snap shot by Elias Pettersson.
0:40 of 3rd period - Stopped by Elvis Merzlikins without a rebound.
0:41 of 3rd period - Anze Kopitar wins face-off versus Claude Giroux in Sabres zone.
0:54 of 3rd period - Filip Hronek is hit by Claude Giroux and loses puck.
2:22 of 3rd period - Penalty to Ivan Provorov is over, Ivan Provorov is back on ice.
2:39 of 3rd period - Snap shot by Darren Helm.
2:39 of 3rd period - Shot Misses the Net.
2:41 of 3rd period - Snap shot by Darren Helm.
2:41 of 3rd period - Stopped by Elvis Merzlikins with a rebound.
3:15 of 3rd period - Ryan Murray is hit by Zach Bogosian and loses puck.
5:00 of 3rd period - Icing by Claude Giroux.
5:01 of 3rd period - Claude Giroux wins face-off versus Anze Kopitar in Capitals zone.
5:03 of 3rd period - Icing by Elias Pettersson.
5:04 of 3rd period - Claude Giroux wins face-off versus Nicklas Backstrom in Capitals zone.
5:28 of 3rd period - Ben Chiarot is hit by Kevin Hayes and loses puck.
5:35 of 3rd period - Snap shot by Rickard Rakell.
5:35 of 3rd period - Shot Misses the Net.
5:37 of 3rd period - Slapshot by Ivan Provorov.
5:37 of 3rd period - Stopped by Samuel Montembeault without a rebound.
5:38 of 3rd period - Brock Nelson wins face-off versus Nicklas Backstrom in Capitals zone.
5:43 of 3rd period - Slapshot by Damon Severson.
5:43 of 3rd period - Shot Misses the Net.
6:03 of 3rd period - Kevin Hayes is hit by Derek Grant and loses puck.
7:08 of 3rd period - Off-side.
7:09 of 3rd period - Brock Nelson wins face-off versus Clayton Keller in neutral zone.
7:22 of 3rd period - Snap shot by Jake Guentzel.
7:22 of 3rd period - Stopped by Elvis Merzlikins with a rebound.
7:24 of 3rd period - Slapshot by Damon Severson.
7:24 of 3rd period - Stopped by Elvis Merzlikins without a rebound.
7:25 of 3rd period - Anze Kopitar wins face-off versus Claude Giroux in Sabres zone.
8:25 of 3rd period - Slapshot by Tyler Pitlick.
8:25 of 3rd period - Goal by Tyler Pitlick - Sabres : 1 - Capitals : 3.
8:26 of 3rd period - Anze Kopitar wins face-off versus Claude Giroux in neutral zone.
8:35 of 3rd period - Wrist shot by Anze Kopitar.
8:35 of 3rd period - Shot Misses the Net.
8:41 of 3rd period - Slapshot by Rickard Rakell.
8:41 of 3rd period - Shot Misses the Net.
9:05 of 3rd period - Slapshot by Tyler Ennis.
9:05 of 3rd period - Shot Blocked by Joel Eriksson Ek.
9:21 of 3rd period - Slapshot by Darren Helm.
9:21 of 3rd period - Shot Misses the Net.
9:37 of 3rd period - Kailer Yamamoto is hit by Brady Skjei.
9:55 of 3rd period - Snap shot by Rickard Rakell.
9:55 of 3rd period - Shot Misses the Net.
10:23 of 3rd period - Snap shot by Joonas Donskoi.
10:23 of 3rd period - Shot Misses the Net.
10:25 of 3rd period - Slapshot by Marco Scandella.
10:25 of 3rd period - Shot Misses the Net.
10:27 of 3rd period - Wrist shot by Tyler Ennis.
10:27 of 3rd period - Shot Misses the Net.
10:29 of 3rd period - Slapshot by Marco Scandella.
10:29 of 3rd period - Shot Misses the Net.
10:31 of 3rd period - Wrist shot by Joonas Donskoi.
10:31 of 3rd period - Shot Blocked by Ian Cole.
10:33 of 3rd period - Wrist shot by Tyler Ennis.
10:33 of 3rd period - Stopped by Samuel Montembeault without a rebound.
10:34 of 3rd period - Nicklas Backstrom wins face-off versus Claude Giroux in Capitals zone.
11:22 of 3rd period - Slapshot by Claude Giroux.
11:22 of 3rd period - Stopped by Elvis Merzlikins with a rebound.
11:34 of 3rd period - Rasmus Dahlin is hit by Ben Chiarot and loses puck.
12:22 of 3rd period - Icing by Madison Bowey.
12:23 of 3rd period - Anze Kopitar wins face-off versus Claude Giroux in Sabres zone.
12:34 of 3rd period - Backhand shot by Elias Pettersson.
12:34 of 3rd period - Stopped by Elvis Merzlikins with a rebound.
12:48 of 3rd period - Tyler Ennis is hit by Damon Severson and loses puck.
13:15 of 3rd period - Slapshot by Derek Grant.
13:15 of 3rd period - Shot Misses the Net.
13:30 of 3rd period - Snap shot by Jake Guentzel.
13:30 of 3rd period - Stopped by Elvis Merzlikins without a rebound.
13:31 of 3rd period - Anze Kopitar wins face-off versus Brock Nelson in Sabres zone.
13:38 of 3rd period - Joel Eriksson Ek is hit by Kevin Hayes and loses puck.
13:55 of 3rd period - Snap shot by Rickard Rakell.
13:55 of 3rd period - Shot Misses the Net.
14:03 of 3rd period - Brock Nelson is hit by Marco Scandella and loses puck.
15:22 of 3rd period - Snap shot by Brock Nelson.
15:22 of 3rd period - Shot Misses the Net.
15:24 of 3rd period - Slapshot by Oliver Ekman-Larsson.
15:24 of 3rd period - Stopped by Elvis Merzlikins without a rebound.
15:25 of 3rd period - Claude Giroux wins face-off versus Nicklas Backstrom in Sabres zone.
15:52 of 3rd period - Brady Skjei is hit by Joonas Donskoi and loses puck.
16:01 of 3rd period - Slapshot by Rasmus Dahlin.
16:01 of 3rd period - Deflect By Joakim Nordstrom.
16:01 of 3rd period - Stopped by Samuel Montembeault without a rebound.
16:02 of 3rd period - Claude Giroux wins face-off versus Zach Hyman in Capitals zone.
16:21 of 3rd period - Minor Penalty to Tomas Tatar for Holding.
16:22 of 3rd period - Claude Giroux wins face-off versus Nicklas Backstrom in Capitals zone.
16:31 of 3rd period - Ian Cole is hit by Zach Hyman and loses puck.
18:12 of 3rd period - Brady Skjei is hit by Rickard Rakell and loses puck.
18:21 of 3rd period - Penalty to Tomas Tatar is over, Tomas Tatar is back on ice.
19:04 of 3rd period - Minor Penalty to Ben Chiarot for Holding.
19:05 of 3rd period - Anze Kopitar wins face-off versus Claude Giroux in Capitals zone.
19:06 of 3rd period - Slapshot by Rickard Rakell.
19:06 of 3rd period - Deflect By Anze Kopitar.
19:06 of 3rd period - Shot Blocked by Oliver Ekman-Larsson.
19:06 of 3rd period - Puck is out of play.
19:07 of 3rd period - Anze Kopitar wins face-off versus Claude Giroux in Capitals zone.
19:46 of 3rd period - Wrist shot by Anze Kopitar.
19:46 of 3rd period - Goal by Anze Kopitar - Sabres : 2 - Capitals : 3.
19:47 of 3rd period - Claude Giroux wins face-off versus Anze Kopitar in neutral zone.
19:58 of 3rd period - Snap shot by Claude Giroux.
19:58 of 3rd period - Shot Misses the Net.
Goals for this period are 1 for Sabres vs 1 for Capitals.
Shots for this period are 4 for Sabres vs 10 for Capitals.